 Dungeon Crawl Stone Soup version 0.31-a0-1611-g890cdf5 (webtiles) character file.

Game seed: 1717072323209174972

9 PidgeyThePirate the Trooper (level 2, 24/24 HPs)
             Began as a Demonspawn Chaos Knight on Jan 8, 2024.
             Was a Plaything of Xom.
             Got out of the dungeon alive.
             The game lasted 00:00:52 (308 turns).

PidgeyThePirate the Trooper (DsCK)                   Turns: 308, Time: 00:00:53

Health: 24/24      AC:  5    Str: 12    XL:     2   Next: 6%
Magic:  2/2        EV: 11    Int: 12    God:    Xom [..*...]
Gold:   29         SH:  0    Dex: 12    Spells: 1/1 levels left

rFire   . .          .
                       - Unarmed
rCold   . . .        e - orb {*Rage}
rNeg    . . .        a - +2 leather armour
rPois   .            (no helmet)
rElec   .            (no cloak)
rCorr   .            (no gloves)
SInv    .            (no boots)
Will    .....        (no amulet)
Stlth   +            (no ring)
HPRegen 0.24/turn    (no ring)
MPRegen 0.08/turn

%: random rage (20%)
@: no status effects
A: demonic magic 1
a: Renounce Religion


You escaped.
You worshipped Xom.
You were a toy of Xom.
You visited 1 branch of the dungeon, and saw 1 of its levels.

You collected 29 gold pieces.

Inventory:

Armour
 a - a +2 leather armour (worn)
 e - an orb of wrath (worn)
Scrolls
 b - a scroll of butterflies
 c - a scroll of poison {unknown}
 d - a scroll of enchant armour {unknown}
Potions
 f - a potion of mutation {unknown}


   Skills:
 + Level 3.3 Fighting
 + Level 1.8 Armour
 + Level 0.8 Dodging
 + Level 2.9 Unarmed Combat


You had one spell level left.
You didn't know any spells.
Your spell library contained the following spells:

 Spells                   Type           Power      Damage    Failure   Level
 Sting                    Conj/Alch      0%         1d3       38%         1
 Mercury Vapours          Alch/Air       0%         N/A       54%         2
 Olgreb's Toxic Radiance  Alch           0%         N/A       99%         4
 Vhi's Electric Charge    Tloc/Air       0%         N/A       99%         4
 Arcjolt                  Conj/Air       0%         1d10      100%        5
 Maxwell's Capacitive Co  Air            0%         ∞         100%        8


Dungeon Overview and Level Annotations

Branches:
Dungeon (1/15)

Altars:


Innate Abilities, Weirdness & Mutations

Spells you cast may paralyse adjacent enemies.


Message History

Found a chain mail.
You now have 29 gold pieces (gained 19).
A rat comes into view.
A rat is nearby!
The rat closely misses you.
You barely miss the rat. The rat barely misses you.
You barely miss the rat. The rat misses you. x2
You hit the rat.
The rat is moderately wounded.
The rat barely misses you.
You hit the rat.
You kill the rat!
You have reached level 2!
Your demonic ancestry asserts itself...
A menacing aura infuses your magic.
Xom is amused.
You open the door.
There is an open door here.
You feel yourself speed up.
You recover from your berserk rage.
A ball python comes into view.
Found 6 poisoned darts and an orange potion.
The ball python hisses angrily.
A ball python is nearby!
You closely miss the ball python.
The ball python bites you but does no damage.
The ball python grabs you. The ball python constricts you.
You hit the ball python.
The ball python is heavily wounded.
The ball python barely misses you. The ball python constricts you.
You hit the ball python.
You kill the ball python!
You see here 6 poisoned darts.
f - an orange potion You see here 5 stones.
Xom's attention almost turns to you for a moment.
Your scroll of butterflies falls out of your pack, then immediately jumps back in!
There is a staircase leading out of the dungeon here.
You can't go down here!
You have escaped!

#.# #....#.#.# #
#.###....#.# #.
####.#......#.# ###.###
##......#..#.#.# .....#
#..##.###..#.#.#
#.#.#####.###........#.#
#.........############.#
######.#####......# #.#
...........#....@.+
###.#
.######.##.#.....>#
#...# +.......#.#.######
#.### ######.##.#.# #.#
##########.#.# #.#
#.....(....#.# #.#
#.##########.# #.#
#.#..........# #.#
#.#.########.# #.#


There were no monsters in sight!

Vanquished Creatures
  2 ball pythons (D:1)
  A bat (D:1)
  An endoplasm (D:1)
  A quokka (D:1)
  A frilled lizard (D:1)
  2 kobolds (D:1)
  A rat (D:1)
9 creatures vanquished.

Notes
Turn   | Place    | Note
-------+----------+-------------------------------------------
     0 | D:1      | PidgeyThePirate the Demonspawn Chaos Knight began the quest
                  | for the Orb.
     0 | D:1      | Reached XP level 1. HP: 18/18 MP: 1/1
   243 | D:1      | Gained mutation: Spells you cast may paralyse adjacent
                  | enemies. [demonic ancestry]
   243 | D:1      | Reached XP level 2. HP: 24/24 MP: 2/2
   300 | D:1      | XOM: silly message
   308 | D:$      | Got out of the dungeon alive.

Illustrated notes

Levels and vault maps discovered:
D:1:      dpeg_arrival_connections, layout_basic

Action                     || total
---------------------------++-------
  Melee: Unarmed           ||    29
 Armour: Leather armour    ||    14
  Dodge: Dodged            ||    19

Table legend: (Time is in decaauts)
 A = Elapsed time spent in this place.
 B = Non-inter-level travel time spent in this place.
 C = Inter-level travel time spent in this place.
 D = Time resting spent in this place.
 E = Time spent auto-exploring this place.
 F = Levels seen in this place.
 G = Mean time per level.
                   A        B        C        D        E       F      G
               +--------+--------+--------+--------+--------+-----+--------+
         Total |    315 |    280 |     35 |      0 |    179 |   1 |  315.0 |
       Dungeon |    315 |    280 |     35 |      0 |    179 |   1 |  315.0 |
               +--------+--------+--------+--------+--------+-----+--------+

Top non-repeatable levels by time:
     D:1: 315 daAuts
